 Dungeon Crawl Stone Soup version 0.30-a0-557-ge2afbf3030 (webtiles) character file.

Game seed: 12914429503727357465

77 cforsyth the Ruffian (level 4, -1/37 HPs)
             Began as a Draconian Transmuter on Dec 27, 2022.
             Slain by an ogre
             ... wielding a +0 giant spiked club
              (6 damage)
             ... on level 3 of the Dungeon.
             The game lasted 00:03:59 (2491 turns).

cforsyth the Ruffian (Draconian Transmuter)         Turns: 2491, Time: 00:04:00

Health: -1/37      AC:  7    Str: 14    XL:     4   Next: 14%
Magic:  7/7        EV: 13    Int: 14    God:
Gold:   91         SH:  0    Dex: 15    Spells: 6/7 levels left

rFire   . . .      SeeInvis .    o - +2 mace "Noazylue" {flame, rElec Dex+4}
rCold   . . .      Faith    .    (no shield)
rNeg    . . .      Spirit   .    (body armour unavailable)
rPois   .          Reflect  .    (helmet restricted)
rElec   +          Harm     .    (no cloak)
rCorr   .          Rampage  .    r - +0 pair of gloves
Will    +....                    s - +0 pair of boots
Stlth   +                        (no amulet)
HPRegen 0.26/turn                f - ring of willpower
MPRegen 0.10/turn                (no ring)

@: no status effects
A: AC +5, unfitting armour, cold-blooded
a: no special abilities


You were on level 3 of the Dungeon.
You visited 1 branch of the dungeon, and saw 4 of its levels.

You collected 161 gold pieces.
You spent 70 gold pieces at shops.

Inventory:

Hand Weapons
 o - the +2 mace "Noazylue" (weapon) {flame, rElec Dex+4}
   (You took it off a kobold on level 3 of the Dungeon)

   It burns those it strikes, dealing additional fire damage.
   Dex:       It affects your dexterity (+4).
   rElec:     It insulates you from electricity.
Missiles
 p - 3 boomerangs
Armour
 r - a +0 pair of gloves (worn)
 s - a +0 pair of boots (worn)
Jewellery
 f - a ring of willpower (left hand)
Scrolls
 c - a scroll of silence
 e - a scroll of vulnerability {unknown}
 g - a scroll of butterflies {unknown}
 i - a scroll of poison {unknown}
 k - a scroll of noise {unknown}
 l - a scroll of acquirement {unknown}
 m - a scroll of immolation {unknown}
 n - a scroll of teleportation
Potions
 a - 2 potions of lignification
 b - 2 potions of might {unknown}
 d - a potion of curing
 h - 2 potions of cancellation
 j - a potion of attraction
 q - a potion of flight {unknown}


   Skills:
 + Level 2.6 Fighting
 + Level 2.7 Dodging
 + Level 3.7 Unarmed Combat
 - Level 2.0 Spellcasting
 - Level 2.0 Transmutations


You had 6 spell levels left.
You knew the following spells:

 Your Spells              Type           Power      Damage    Failure   Level
a - Beastly Appendage     Tmut           14%        N/A       11%         1

Your spell library contained the following spells:

 Spells                   Type           Power      Damage    Failure   Level
 Sting                    Tmut/Pois      16%        1d3       16%         1
 Wereblood                Tmut           7%         N/A       16%         2
 Poisonous Vapours        Pois/Air       2%         N/A       34%         2
 Spider Form              Tmut/Pois      4%         N/A       43%         3
 Ice Form                 Ice/Tmut       4%         N/A       83%         4
 Airstrike                Air            0%         2d(1-17)  93%         4
 Olgreb's Toxic Radiance  Pois           1%         N/A       93%         4
 Summon Lightning Spire   Summ/Air       1%         N/A       93%         4
 Lightning Bolt           Conj/Air       0%         1d11      100%        5


Dungeon Overview and Level Annotations

Branches:
Dungeon (4/15)
 Temple: D:4-7

Altars:
Zin

Shops:
D:3 ?[


Innate Abilities, Weirdness & Mutations

Your plain brown scales are hard. (AC +5)
You cannot fit into any form of body armour.
You are cold-blooded and may be slowed by cold attacks.


Message History

The ball python misses you.
You climb upwards.
There is a stone staircase leading down here.
You barely miss the ball python.
You claw the ball python, but do no damage.
You tail-slap the ball python.
You kill the ball python!
You climb downwards.
There is a stone staircase leading up here.
The ogre shouts!
You climb upwards.
Your horns disappear.
Your talons disappear.
Your +0 pair of boots unmelds from your body.
There is a stone staircase leading down here.
You climb downwards.
The ogre misses you.
There is a stone staircase leading up here.
The worm closely misses you.
You climb upwards.
There is a stone staircase leading down here.
You hit the ogre. You burn the ogre.
The ogre is moderately wounded.
The ogre barely misses you. The worm bites you.
You hit the ogre. You burn the ogre.
The ogre is heavily wounded.
The ogre closely misses you. The worm bites you.
You closely miss the ogre.
The ogre is heavily wounded.
The ogre closely misses you. The worm bites you!
You hit the ogre. You burn the ogre.
The ogre is heavily wounded.
The ogre completely misses you. The worm completely misses you.
You hit the ogre. You burn the ogre. You tail-slap the ogre.
The ogre is severely wounded.
The ogre hits you with a +0 giant spiked club!!
* * * LOW HITPOINT WARNING * * *
You barely miss the ogre.
The ogre is severely wounded.
The worm barely misses you.
The ogre hits you with a +0 giant spiked club.
You die...

.#.....).#....# #.......# #
.#.#...#.#....# #.......# #
.#.#._.#.#....########'## #
.#.#...#.#..............# #
.#.......#..............# ####
.#.#####.#.#.∩..........######...
........÷..###########...........
........#.#####################..
........'......O@w...............
........###############.######...
.............#.....###..#...##...
#######....#.###.#.'∩#..#.#......
####+##.#.###.#.###..#.#####..
#......÷......#.#....#........
#.......#.##.........######.#.
#.......#.##.........+........
####'#..#.##...†.....######.##


You could see an ogre and a worm.

Vanquished Creatures
  3 adders (D:3)
  A worm (D:3)
  An orc (D:3)
  4 bats
  5 endoplasms
  4 giant cockroaches
  4 goblins
  A hobgoblin (D:2)
  3 quokkas
  4 ball pythons
  9 kobolds
  6 rats
45 creatures vanquished.

Notes
Turn   | Place    | Note
-------+----------+-------------------------------------------
     0 | D:1      | cforsyth the Draconian Transmuter began the quest for the
                  | Orb.
     0 | D:1      | Reached XP level 1. HP: 16/16 MP: 3/3
   118 | D:1      | You fall into a shaft and drop 1 floor!
   195 | D:2      | Reached XP level 2. HP: 19/23 MP: 3/5
   799 | D:1      | Reached XP level 3. HP: 29/29 MP: 4/6
  1616 | D:3      | Found Bolir's Magic Scroll Emporium.
  1620 | D:3      | Found a glowing silver altar of Zin.
  1670 | D:3      | Bought a scroll of teleportation for 42 gold pieces
  1670 | D:3      | Bought a scroll of identify for 28 gold pieces
  1717 | D:3      | Identified the +2 mace "Noazylue" {flame, rElec Dex+4}
  1824 | D:3      | Found Wisonown's Antique Armour Shop.
  2086 | D:3      | Reached XP level 4. HP: 26/37 MP: 5/7
  2479 | D:4      | Noticed an ogre
  2491 | D:3      | Slain by an ogre

Illustrated notes

Levels and vault maps discovered:
D:1:      mrwooster_arrival_statue, layout_loops_ring
D:2:      layout_basic, nicolae_concentric_dashed_squares_wild
D:3:      layout_basic, mainiacjoe_overflow_cross_hatched, serial_shops, shop,
          nicolae_shop_window_shopping, due_unseen_surprise
D:4:      layout_basic, serial_glass, glass_columns_a, glass_columns_b

Skill      XL: |  1  2 |
---------------+-------+-----
Dodging        | 2 |  2.7
Fighting       | 2 |  2.6
Unarmed Combat | |  3.7
Spellcasting   | |  2.0
Transmutations | |  2.0

Action                   |  1- 3 |  4- 6 || total
-------------------------+-------+-------++-------
Melee: Unarmed           |    94 |       ||    94
       Kick              |    15 |     2 ||    17
       Tailslap          |    13 |     2 ||    15
       Headbutt          |    10 |     1 ||    11
       Punch             |     2 |       ||     2
       Mace              |    13 |     9 ||    22
 Cast: Beastly Appendage |    32 |     2 ||    34
  Use: Scroll            |     4 |       ||     4
 Stab: Sleeping          |     3 |       ||     3
Armor: Skin              |    33 |     1 ||    34
Dodge: Dodged            |    66 |     9 ||    75

Table legend: (Time is in decaauts)
 A = Elapsed time spent in this place.
 B = Non-inter-level travel time spent in this place.
 C = Inter-level travel time spent in this place.
 D = Time resting spent in this place.
 E = Time spent auto-exploring this place.
 F = Levels seen in this place.
 G = Mean time per level.
                   A        B        C        D        E       F      G
               +--------+--------+--------+--------+--------+-----+--------+
         Total |   2499 |   2420 |     79 |      0 |   2009 |   4 |  624.8 |
       Dungeon |   2499 |   2420 |     79 |      0 |   2009 |   4 |  624.8 |
               +--------+--------+--------+--------+--------+-----+--------+

Top non-repeatable levels by time:
     D:3: 1217 daAuts
     D:1: 667 daAuts
     D:2: 605 daAuts
     D:4: 9 daAuts
